 Dungeon Crawl Stone Soup version 0.30.0-18-gc0e69614cb (webtiles) character file.

Game seed: 9873908566610435693

938 Irreverend the Magician (level 8, -1/58 HPs)
             Began as a Djinni Fire Elementalist on May 25, 2023.
             Slain by an orc wizard
             ... wielding a +0 dagger
              (4 damage)
             ... on level 6 of the Dungeon.
             The game lasted 00:08:43 (4428 turns).

Irreverend the Magician (Djinni Fire Elementalist)  Turns: 4428, Time: 00:08:43

Health: -1/58      AC: -5    Str:  7    XL:     8   Next: 34%
Gold:   216        EV: 14    Int: 18    God:
                   SH:  0    Dex: 15

rFire   + + +        (no weapon)
rCold   x . .        (no shield)
rNeg    . . .        a - +0 robe
rPois   ∞            (no helmet)
rElec   .            r - +0 cloak
rCorr   .            (no gloves)
SInv    .            (boots unavailable)
Will    .....        (no amulet)
Stlth   ++           h - ring of fire
HPRegen 0.29/turn    i - ring of protection from cold
MPRegen 0.00/turn

%: infuse magic (-2 HP)
@: corroded, attractive, flying
A: sickness immunity, fire resistance 2, cold vulnerability 1, float, innate
caster, HP casting, extra vitality 1
a: no special abilities


You were on level 6 of the Dungeon.
You visited 1 branch of the dungeon, and saw 6 of its levels.

You collected 216 gold pieces.

Inventory:

Armour
 a - a +0 robe (worn)
 r - a +0 cloak (worn)
Jewellery
 h - a ring of fire (left hand)
 i - a ring of protection from cold (right hand)
Wands
 m - a wand of quicksilver (3)
 w - a wand of polymorph (3)
Scrolls
 c - 3 scrolls of amnesia {unknown}
 f - 4 scrolls of identify {unknown}
 j - a scroll of immolation {unknown}
 l - a scroll of blinking {unknown}
 n - a scroll of silence {unknown}
 s - 3 scrolls of fog {unknown}
 t - a scroll of noise {unknown}
 v - 2 scrolls of vulnerability {unknown}
Potions
 b - a potion of attraction
 e - 2 potions of lignification {unknown}
 g - a potion of resistance {unknown}
 k - 2 potions of brilliance {unknown}
 o - a potion of might {unknown}
 p - 3 potions of heal wounds {unknown}
 q - a potion of mutation {unknown}
 u - 2 potions of cancellation {unknown}


   Skills:
 + Level 4.1 Fighting
 + Level 5.3 Dodging
 - Level 1.5 Stealth
 * Level 5.5 Spellcasting


You knew the following spells:

 Your Spells              Type           Power      Damage    Failure   Level
a - Foxfire               Conj/Fire      100%       2x1d9     1%          1
b - Scorch                Fire           74%        2d8       1%          2
c - Volatile Blastmotes   Fire/Tloc      74%        2d16      4%          3
d - Inner Flame           Hex/Fire       37%        N/A       4%          3
e - Flame Wave            Conj/Fire      37%        2d10      13%         4
f - Magic Dart            Conj           96%        1d7       1%          1
g - Wereblood             Tmut           24%        N/A       1%          2
h - Stone Arrow           Conj/Erth      48%        3d10      4%          3
Your spell library was empty.

Dungeon Overview and Level Annotations

Branches:
Dungeon (6/15)
 Temple: D:4-7

Altars:
Fedhas
Nemelex Xobeh
Xom
Yredelemnul


Innate Abilities, Weirdness & Mutations

You are immune to sickness and miasma.
You are immune to poison.
Your flesh is very heat resistant. (rF++)
You are vulnerable to cold. (rC-)
You float through the air rather than walking.
You learn spells naturally, not from books.
Your magical power is your life essence.
You have superior vitality. (+4 MHP)


Message History

The howler monkey completely misses you.
The jelly hits you.
* * * LOW HITPOINT WARNING * * *
The acid corrodes you!
You are splashed with acid!
* * * LOW HITPOINT WARNING * * *
The howler monkey hits you.
* * * LOW HITPOINT WARNING * * *
You feel better. The howler monkey barely misses you.
The jelly barely misses you.
Okay, then.
Casting: Scorch (safe; 2% risk of failure)
Confirm with . or Enter, or press ? or * to list all spells.
Casting: Flame Wave (dangerous; 14% risk of failure)
Press: ? - help, Dir - look around, f - activate You feel a surge of power!
A wave of flame ripples out!
The flame wave engulfs the jelly!!
You kill the jelly!
The flame wave engulfs the howler monkey!
You kill the howler monkey! (Press . to intensify the flame waves.)
* * * LOW HITPOINT WARNING * * *
You hear some strange, mumbled words.
A puff of flame appears from out of thin air!
Deactivating autopickup; reactivate with Ctrl-A.
The puff of flame hits you. You resist.
* * * LOW HITPOINT WARNING * * *
Something is attracted toward you.
You start resting.
Something hits you.
* * * LOW HITPOINT WARNING * * *
Casting: Flame Wave (dangerous; 13% risk of failure)
Confirm with . or Enter, or press ? or * to list all spells.
You can't see any susceptible monsters within range! (Use Z to cast anyway.)
Casting: Flame Wave (dangerous; 13% risk of failure)
Confirm with . or Enter, or press ? or * to list all spells.
Aiming: Magic Dart (safe; 1% risk of failure)
Press: ? - help, Shift-Dir - straight line The magic dart hits something.
* * * LOW HITPOINT WARNING * * *
Something hits you.
You die...

########.##. .
#.§{@†...... Y.
#.######....
... #<# . ...
#.# . .. #§#
###.#
....#!#§#......
.......)?.....#
#######.#####.#
#.#


There were no monsters in sight!

Vanquished Creatures
  2 ogres
  A phantom (D:5)
  A scorpion (D:5)
  A howler monkey (D:6)
  3 hounds
  4 jellies
  Ijyb (D:3)
  An orc priest (D:5)
  An iguana (D:6)
  5 orc wizards
  5 adders
  3 gnolls (D:5)
  A white imp (D:5)
  4 worms
  A dart slug (D:3)
  6 orcs
  9 ball pythons
  6 bats
  9 endoplasms
  6 giant cockroaches
  6 goblins
  10 hobgoblins
  10 kobolds
  4 quokkas
  6 frilled lizards
106 creatures vanquished.

Vanquished Creatures (others)
  270 foxfires
270 creatures vanquished.

Grand Total: 376 creatures vanquished

Notes
Turn   | Place    | Note
-------+----------+-------------------------------------------
     0 | D:1      | Irreverend the Djinni Fire Elementalist began the quest for
                  | the Orb.
     0 | D:1      | Irreverend set off with the following spells memorised:
                  | Foxfire, Scorch, Volatile Blastmotes, Inner Flame, Flame
                  | Wave.
     0 | D:1      | Reached XP level 1. HP: 15/15 MP: 0/0
   272 | D:1      | Reached XP level 2. HP: 19/21 MP: 0/0
   939 | D:2      | Reached XP level 3. HP: 23/26 MP: 0/0
   939 | D:2      | Learned a level 1 spell: Magic Dart
   980 | D:2      | Found a shimmering altar of Xom.
  1403 | D:2      | Reached skill level 1 in Fighting
  1580 | D:2      | Reached XP level 4. HP: 18/32 MP: 0/0
  1795 | D:3      | Noticed Ijyb
  1803 | D:3      | Killed Ijyb
  1804 | D:3      | Reached XP level 5. HP: 18/37 MP: 0/0
  1804 | D:3      | Learned a level 2 spell: Wereblood
  2196 | D:3      | Found a sparkling altar of Nemelex Xobeh.
  2808 | D:4      | Noticed an ogre
  2865 | D:4      | Reached XP level 6. HP: 38/43 MP: 0/0
  2937 | D:4      | Killed an ogre
  3187 | D:4      | Found a blossoming altar of Fedhas.
  3344 | D:4      | Reached XP level 7. HP: 43/49 MP: 0/0
  3344 | D:4      | Learned a level 3 spell: Stone Arrow
  3506 | D:5      | Entered Level 5 of the Dungeon
  3862 | D:5      | Found a basalt altar of Yredelemnul.
  3941 | D:5      | Reached skill level 5 in Spellcasting
  4163 | D:5      | Reached XP level 8. HP: 52/58 MP: 0/0
  4265 | D:5      | Reached skill level 5 in Dodging
  4397 | D:6      | Noticed a yak
  4412 | D:6      | Noticed a yak
  4424 | D:6      | HP: 1/58 [howler monkey (3)]
  4428 | D:6      | Slain by an orc wizard

Illustrated notes

Levels and vault maps discovered:
D:1:      scummos_arrival_forest, layout_loops_ring,
          chequers_serial_rivers_small_3, serial_bayou_lagoon_b
D:2:      layout_loops_ring, basic_altar, grunt_ministairs_5, minmay_3d_cube
D:3:      minmay_octagon_keep, layout_basic, marbit_many_paths, uniq_ijyb
D:4:      layout_rooms, mainiacjoe_overflow_paths
D:5:      layout_gridville, mainiacjoe_overflow_24_doors
D:6:      minmay_clustersquares, layout_loops_ring,
          minmay_misc_feat_more_columns, abandoned_shop,
          uniq_crazy_yiuf_cottage, uniq_prince_ribbit1

Skill      XL: |  1  2  3  4  5  6  7  8 |
---------------+-------------------------+-----
Spellcasting   | 3 4 5 |  5.5
Fighting       | 1 2 3 4 |  4.1
Dodging        | 3 4 5 |  5.3
Stealth        | |  1.5

Action                     |  1- 3 |  4- 6 |  7- 9 || total
---------------------------+-------+-------+-------++-------
   Cast: Foxfire           |    68 |    69 |    37 ||   174
         Scorch            |    10 |    28 |    15 ||    53
         Magic Dart        |       |       |    19 ||    19
         Flame Wave        |       |       |     1 ||     1
    Use: Potion            |       |       |     3 ||     3
 Armour: Robe              |     7 |     3 |       ||    10
  Dodge: Dodged            |    10 |    15 |    21 ||    46
